 Dungeon Sprint DCSS version 0.30.1-4-g462c640d31 (webtiles) character file.

Game seed: 12128221857924471137

25 Heoruswealwe the Ruffian (level 2, -8/31 HPs)
             Began as a Troll Berserker on Sept 9, 2023.
             Was a Follower of Trog.
             Mangled by an ogre
             ... wielding a +0 giant club
              (13 damage)
             ... in the Dungeon (Sprint I: "Red Sonja").
             The game lasted 00:01:33 (37 turns).

Heoruswealwe the Ruffian (Troll Berserker)            Turns: 37, Time: 00:01:34

Health: -8/31      AC:  4    Str: 24    XL:     2   Next: 82%
Magic:  1/2        EV: 10    Int:  3    God:    Trog [*.....]
Gold:   0          SH:  0    Dex:  9    Spells: 1/1 levels left

rFire   . .          .
                       - Unarmed
rCold   . . .        (no shield)
rNeg    . . .        b - +0 animal skin
rPois   .            (helmet restricted)
rElec   .            (no cloak)
rCorr   .            (gloves unavailable)
SInv    .            (boots unavailable)
Will    .....        (no amulet)
Stlth   +            (no ring)
HPRegen 1.05/turn    (no ring)
MPRegen 0.08/turn

%: no teleportation
@: no status effects
A: large, unfitting armour, claws 3, regeneration 1, shaggy fur 1, tough skin 1
a: Renounce Religion, Berserk


You were in the Dungeon.
You worshipped Trog.
Trog was aware of your devotion.
You visited 1 branch

Inventory:

Armour
 b - a +0 animal skin (worn)
Wands
 h - a wand of iceblast (15)
Scrolls
 g - a scroll of blinking
Potions
 a - a potion of curing
 c - a potion of heal wounds
 d - a potion of haste
 f - a potion of berserk rage


   Skills:
 + Level 3.3 Fighting
 - Level 2.4 Dodging
 * Level 5.0 Unarmed Combat
 + Level 2.3 Invocations


You had one spell level left.
You didn't know any spells.
Your spell library was empty.

Dungeon Overview and Level Annotations

Branches:
Dungeon (1/1)

Altars:


Innate Abilities, Weirdness & Mutations

You are too large for most types of armour.
You have claws for hands.
Your natural rate of healing is unusually fast.
You are covered in fur. (AC +1)
You have tough skin. (AC +1)


Message History

Ijyb is severely wounded.
Ijyb barely misses you.
Ijyb hits you with a +0 dagger of speed.
You scratch Ijyb but do no damage.
Ijyb is severely wounded.
Ijyb hits you with a +0 dagger of speed.
You claw Ijyb!
You kill Ijyb!
Trog accepts your kill.
Your Fighting skill increases to level 3!
Your Unarmed Combat skill gained 2 levels and is now at level 5!
Your Invocations skill gained 2 levels and is now at level 2!
You have reached level 2!
h - a wand of iceblast (15)
Things that are here:
a +0 dagger of speed; a +0 chain mail You drop 2 potions of magic.
You start resting.
HP restored.
Adjust (i)tems, (s)pells, or (a)bilities?
a - a +0 animal skin (worn)
Adjust to which letter? (? for menu, Esc to quit)
b - a +0 animal skin (worn);
a - a potion of curing You open the door.
An ogre comes into view. It is wielding a +0 giant club.
The ogre shouts!
You barely miss the ogre. The ogre hits you with a +0 giant club!
You barely miss the ogre. You claw the ogre!
The ogre is moderately wounded.
You completely miss the ogre.
The ogre is moderately wounded.
The ogre hits you with a +0 giant club!!
Ouch! That really hurt!
* * * LOW HITPOINT WARNING * * *
You closely miss the ogre.
The ogre is moderately wounded.
You scratch the ogre but do no damage.
The ogre is moderately wounded.
The ogre hits you with a +0 giant club!
You die...

##########
#<.#.@O..#
#..'!.#..+
#..#### +#
#..# #..#
#..# #⌠⌠#
####


You could see an ogre.

Vanquished Creatures
  Ijyb (D)
1 creature vanquished.

Notes
Turn   | Place    | Note
-------+----------+-------------------------------------------
     0 | D        | Heoruswealwe the Troll Berserker began the quest for the
                  | Orb.
     0 | D        | Reached XP level 1. HP: 22/22 MP: 0/0
     1 | D        | Noticed Ijyb
    12 | D        | Killed Ijyb
    13 | D        | Reached skill level 5 in Unarmed Combat
    13 | D        | Reached XP level 2. HP: 12/31 MP: 0/2
    31 | D        | Noticed an ogre
    37 | D        | Mangled by an ogre

Illustrated notes

Levels and vault maps discovered:
D:        dungeon_sprint_1 [red_sonja_temple_1, red_sonja_temple_small_1]

Skill      XL: |  1 |
---------------+----+-----
Fighting       | 3 |  3.3
Unarmed Combat | 5 |  5.0
Invocations    | 2 |  2.3
Dodging        | |  2.4

Action                     || total
---------------------------++-------
  Melee: Unarmed           ||    15
         Punch             ||     1
 Armour: Animal skin       ||     1
  Dodge: Dodged            ||     5
